 Dungeon Crawl Stone Soup version 0.29.1-1-gd02db6906a (webtiles) character file.

Game seed: 5351863226095727831

1 fireball365 the Digger (level 1, -4/14 HPs)
             Began as a Demigod Earth Elementalist on Oct 6, 2022.
             Slain by a gnoll
             ... wielding a +0 spear
              (5 damage)
             ... on level 1 of the Dungeon.
             The game lasted 00:00:43 (114 turns).

fireball365 the Digger (Demigod Earth Elementalist)  Turns: 114, Time: 00:00:44

Health: -4/14      AC:  2    Str:  9    XL:     1   Next: 13%
Magic:  1/5        EV: 12    Int: 17    God:
Gold:   0          SH:  0    Dex: 14    Spells: 2/3 levels left

rFire   . . .      SeeInvis .   (no weapon)
rCold   . . .      Faith    .   (no shield)
rNeg    . . .      Spirit   .   a - +0 robe
rPois   .          Reflect  .   (no helmet)
rElec   .          Harm     .   (no cloak)
rCorr   .          Rampage  .   (no gloves)
Will    .....                   (no boots)
Stlth   ++........              (no amulet)
HPRegen 0.04/turn               (no ring)
MPRegen 0.09/turn               (no ring)

@: very slightly contaminated
A: high MP 1, forlorn, divine attributes
a: no special abilities


You were on level 1 of the Dungeon.
You visited 1 branch of the dungeon, and saw 1 of its levels.

Inventory:

Missiles
 c - 8 stones
Armour
 a - a +0 robe (worn)
Potions
 b - a potion of magic


   Skills:
 + Level 1.7 Dodging
 + Level 1.7 Stealth
 + Level 1.8 Spellcasting
 + Level 0.8 Transmutations
 + Level 2.7 Earth Magic


You had 2 spell levels left.
You knew the following spells:

 Your Spells              Type           Power      Damage    Failure   Level
a - Sandblast             Erth           20%        2d7       6%          1

Your spell library contained the following spells:

 Spells                   Type           Power      Damage    Failure   Level
 Passwall                 Tmut/Erth      5%         N/A       14%         2
 Stone Arrow              Conj/Erth      12%        3d7       34%         3
 Petrify                  Tmut/Erth      7%         N/A       67%         4


Dungeon Overview and Level Annotations

Branches:
Dungeon (1/15)


Innate Abilities, Weirdness & Mutations

You have an increased reservoir of magic. (+10% MP)
You shall have no god before yourself.
Your divine heritage dramatically boosts your attributes as you level up.


Message History

You kill the frilled lizard!
You open the door. You open the door. You open the large door.
There is a large open door here.
You enter the shallow water.
Moving in this stuff is going to be slow.
Found a fuming cyan potion.
Why would you want to do that? Why would you want to do that?
Why would you want to do that? Why would you want to do that?
Why would you want to do that?
Found 7 gold pieces.
A rat and a gnoll come into view.
Found a stone staircase leading down.
A ball python comes into view.
You can't see any susceptible monsters within range! (Use Z to cast anyway.)
You miscast Sandblast.
You are very lightly contaminated with residual magic.
Nothing appears to happen.
The blast of sand misses the gnoll.
The gnoll closely misses you.
The blast of sand hits the rat.
You kill the rat!
The gnoll hits you from afar with a +0 spear!
Ouch! That really hurt!
The gnoll hits you from afar with a +0 spear.
* * * LOW HITPOINT WARNING * * *
You are too injured to fight recklessly!
You are too injured to fight recklessly!
You are too injured to fight recklessly!
Casting: Sandblast (safe; 6% risk of failure)
Confirm with . or Enter, or press ? or * to list all spells.
Aiming: Sandblast (safe; 6% risk of failure)
Press: ? - help, Shift-Dir - straight line, f - gnoll
Aim: a gnoll, wielding a +0 spear (84% to hit)
The blast of sand hits the gnoll!
The gnoll is severely wounded.
The gnoll hits you from afar with a +0 spear.
You die...

......~≈≈≈≈≈≈≈≈≈≈≈≈≈≈≈
........~~≈#'#'#≈≈≈≈≈≈≈#
........~≈≈'...##'###'##
........~≈≈'...'.......'
........~≈≈#'###.#####.#
..>......≈≈≈≈#...#...#..
.......⌠..~~≈'.⌠.'...###
.....S.⌠..~≈~'.⌠.'.<.###
.....g†@.~~≈≈#...#...#..
........~≈≈#+#'#.#####.#
.##.....~~≈+ ..#.......#
...$#...~~≈+...##'###'##
.## #...~≈≈#+#+#≈≈≈≈≈≈≈#
#!..~≈≈≈ ≈≈≈≈≈≈≈≈≈
#...~≈≈≈≈ ≈≈≈≈≈≈≈≈≈≈
#...~~≈~~~~~~~~~~~~~
............


You could see a gnoll and a ball python.

Vanquished Creatures
  A frilled lizard (D:1)
  A rat (D:1)
2 creatures vanquished.

Notes
Turn   | Place    | Note
-------+----------+-------------------------------------------
     0 | D:1      | fireball365 the Demigod Earth Elementalist began the quest
                  | for the Orb.
     0 | D:1      | Reached XP level 1. HP: 14/14 MP: 5/5
   114 | D:1      | Slain by a gnoll

Illustrated notes

Levels and vault maps discovered:
D:1:      dpeg_arrival_castle, layout_rooms,
          hellmonk_ecumenical_altar_defaced_shrine

Action                   || total
-------------------------++-------
 Cast: Sandblast         ||     4
Armor: Robe              ||     1
Dodge: Dodged            ||     2
